 Dungeon Crawl Stone Soup version 0.20-a0-507-gc86f373 (webtiles) character file.

38 Asddderdsw the Conjurer (level 3, 0/27 HPs)
             Began as a Draconian Conjurer on Jan 21, 2017.
             Slain by Jessica
             ... wielding a +0 club
              (1 damage)
             ... on level 2 of the Dungeon.
             The game lasted 00:06:33 (1121 turns).

Asddderdsw the Conjurer (Draconian Conjurer)        Turns: 1121, Time: 00:06:34

Health: 0/27       AC:  5    Str: 10    XL:     3   Next: 25%
Magic:  1/6        EV: 15    Int: 16    God:
Gold:   71         SH:  0    Dex: 11    Spells: 0/6 levels left

rFire    . . .     SeeInvis .   q - +1 whip (flame)
rCold    . . .     Gourm    .   (armour unavailable)
rNeg     . . .     Faith    .   (no shield)
rPois    .         Spirit   .   (helmet restricted)
rElec    .         Reflect  .   (no cloak)
rCorr    .         Harm     .   (no gloves)
MR       .....                  (no boots)
Stlth    ++........             (no amulet)
Regen    0.1/turn               (no ring)
                                u - +3 ring of evasion

@: no status effects
A: unfitting armour, cold-blooded, AC +5
a: no special abilities


You were on level 2 of the Dungeon.
You were not hungry.

You visited 1 branch of the dungeon, and saw 2 of its levels.

You collected 71 gold pieces.

Inventory:

Hand Weapons
 k - a +0 short sword
 o - a +0 dagger
 q - a +1 whip of flaming (weapon)
Missiles
 e - 13 stones (quivered)
 g - 27 arrows
 h - 39 sling bullets
 p - 12 poisoned needles
Jewellery
 u - a +3 ring of evasion (left hand)
Scrolls
 c - a scroll of fear {unknown}
 f - a scroll of recharging {unknown}
 l - 2 scrolls of identify {unknown}
 m - a scroll of magic mapping {unknown}
 n - a scroll of noise {unknown}
 r - a scroll of fog {unknown}
 s - a scroll of random uselessness {unknown}
Potions
 d - a potion of haste {unknown}
 i - a potion of agility {unknown}
 j - a potion of flight {unknown}
 t - a potion of degeneration {unknown}
Books
 a - a book of Conjurations

   Spells                             Type                      Level
   a - Magic Dart                     Conjuration                  1
   b - Searing Ray                    Conjuration                  2
   c - Dazzling Spray                 Conjuration/Hexes            3
   d - Fulminant Prism                Conjuration/Hexes            4
   e - Iskenderun's Mystic Blast      Conjuration                  4
   f - Iskenderun's Battlesphere      Conjuration/Charms           5
Comestibles
 b - a bread ration


   Skills:
 + Level 0.4 Fighting
 + Level 0.4 Short Blades
 + Level 0.4 Maces & Flails
 + Level 1.9 Dodging
 + Level 2.1 Stealth
 + Level 2.1 Spellcasting
 + Level 4.6 Conjurations


You couldn't memorise any spells.
You knew the following spells:

 Your Spells              Type           Power        Failure   Level  Hunger
a - Magic Dart            Conj           ###.         3%          1    #......
b - Searing Ray           Conj           ###...       6%          2    ###....
c - Dazzling Spray        Conj/Hex       #.....       28%         3    ###....


Dungeon Overview and Level Annotations

Branches:
Dungeon (2/15)

Altars:
Fedhas
Yredelemnul

Annotations:
D:2 Jessica


Innate Abilities, Weirdness & Mutations

Your plain brown scales are hard. (AC +5)
You cannot fit into any form of body armour.
You are cold-blooded and may be slowed by cold attacks.


Message History

Jessica casts a spell at you. Pain shoots through your body!
Casting: Magic Dart
Confirm with . or Enter, or press ? or * to list all spells.
Aiming: Searing Ray
Press: ? - help, Shift-Dir - straight line, f/p - Jessica
Aim: Jessica, wielding a club and wearing an embroidered robe (severely wounded)
The searing ray misses Jessica. (Press . to maintain the ray.)
The kobold closely misses you. The goblin misses you.
Jessica gestures wildly while chanting.
Jessica seems to speed up.
The searing ray misses Jessica.
The kobold closely misses you. Jessica gestures at you while chanting.
Pain shoots through your body!
Ouch! That really hurt!
* * * LOW HITPOINT WARNING * * *
The goblin barely misses you.
The searing ray misses Jessica.
Jessica hits you with a club.
You die...

### #.# ..# #.# #.#
#.#### #.# #.).<##
#..#####..## ##..## ##..#
## # #..## ##.# .## .
####..####.#######.?#...≈
...............@@gw....♣
########........#K....P≈♣
#........#.....P♣≈
##.......#.......≈
#.......#......P♣
#########........
#.......P #........


You could see a worm, Jessica, a goblin and a kobold.

Vanquished Creatures
  A gnoll (D:1)
  2 dart slugs (D:1)
  2 giant cockroaches (D:2)
  3 goblins
  5 hobgoblins
  2 jackals (D:1)
  3 bats (D:1)
  A frilled lizard (D:2)
  2 kobolds (D:1)
  2 rats
23 creatures vanquished.

Notes
Turn   | Place    | Note
-------+----------+-------------------------------------------
     0 | D:1      | Asddderdsw the Draconian Conjurer began the quest for the Orb.
     0 | D:1      | Reached XP level 1. HP: 14/14 MP: 3/3
   352 | D:1      | Reached XP level 2. HP: 17/20 MP: 3/5
   356 | D:1      | Learned a level 2 spell: Searing Ray
   786 | D:2      | Found a blossoming altar of Fedhas.
   799 | D:2      | Found a basalt altar of Yredelemnul.
   837 | D:1      | Reached XP level 3. HP: 4/27 MP: 1/6
   880 | D:1      | Learned a level 3 spell: Dazzling Spray
  1109 | D:2      | Noticed Jessica
  1120 | D:2      | HP: 1/27 [Jessica/nerve-wracking pain (14)]
  1121 | D:2      | Slain by Jessica

Vault maps used:
D:1:      wheals_arrival_linesprint
D:2:      nicolae_overflow_hidden_temple, serial_bayou_pond_a, uniq_natasha,
          uniq_jessica

Skill      XL: |  1  2 |
---------------+-------+-----
Stealth        | 2 |  2.1
Fighting       | |  0.4
Short Blades   | |  0.4
Maces & Flails | |  0.4
Dodging        | |  1.9
Spellcasting   | |  2.1
Conjurations   | |  4.6

Action                   || total
-------------------------++-------
Melee: Club              ||    10
       Short sword       ||     8
       Tailslap          ||     6
       Unarmed           ||     2
       Whip              ||    22
Throw: Stone             ||     1
 Cast: Magic Dart        ||    28
       Searing Ray       ||     1
  Eat: Chunk             ||     1
Armor: Skin              ||     8
Dodge: Dodged            ||    44
